 Dungeon Sprint DCSS version 0.20-a0-269-g17f5411 (webtiles) character file.

4777 Faca the Basher (level 10, -9/86 HPs)
             Began as a Formicid Fighter on Dec 8, 2016.
             Was a High Priest of Okawaru.
             Mangled by an elephant (12 damage)
             ... in the Dungeon (Sprint IX: "|||||||||||||||||||||||||||||").
             The game lasted 00:04:11 (1180 turns).

Faca the Basher (Formicid Fighter)                  Turns: 1180, Time: 00:04:11

Health: -9/86      AC:  9    Str: 20    XL:     10   Next: 75%
Magic:  10/10      EV: 15    Int: 12    God:    Okawaru [*****.]
Gold:   8          SH: 13    Dex: 16    Spells: 9/9 levels left

rFire  . . .     SeeInvis +     p - +2 dire flail (crush)
rCold  . . .     Gourm    .     r - +2 ring mail
rNeg   . . .     Faith    .     c - +0 shield
rPois  .         Spirit   .     (helmet unavailable)
rElec  .         Reflect  .     (no cloak)
rCorr  .         Harm     .     (no gloves)
MR     +....                    (no boots)
Stlth  +.........               (no amulet)
                                s - +3 ring of dexterity
                                t - +3 ring of intelligence

@: lethally poisoned (-9 -> -10)
A: permanent stasis, dig shafts and tunnels, four strong arms, antennae 3
a: Dig, Heroism, Finesse, Renounce Religion


You were in the Dungeon.
You worshipped Okawaru.
Okawaru was extremely pleased with you.
You were not hungry.

You visited 1 branch You collected 8 gold pieces.

Inventory:

Hand Weapons
 p - a +2 dire flail of crushing (weapon)
 q - a +3 war axe of freezing
Armour
 c - a +0 shield (worn)
 r - a +2 ring mail (worn)
Jewellery
 h - an uncursed ring of magical power
 s - a +3 ring of dexterity (right hand)
 t - a +3 ring of intelligence (left hand)
Wands
 o - a wand of lightning (7/15)
Scrolls
 b - 2 scrolls of identify
 j - 2 scrolls of enchant armour
 k - a scroll of fog
 m - 3 scrolls of remove curse
 u - 2 scrolls of enchant weapon
Potions
 a - 2 potions of agility
 d - 2 potions of might
 e - 6 potions of curing
 g - 3 potions of heal wounds
 i - 4 potions of magic
 l - a potion of invisibility


   Skills:
 + Level 10.9 Fighting
 + Level 9.4(12.8) Axes
 + Level 14.0(15.0) Maces & Flails
 + Level 9.2 Armour
 + Level 6.0 Dodging
 - Level 1.0 Stealth
 + Level 12.9 Shields


You had 9 spell levels left.
You didn't know any spells.

Dungeon Overview and Level Annotations

Branches:
Dungeon (1/1)

Altars:
Cheibriados
Dithmenos
Elyvilon
Fedhas
Gozag
Hepliaklqana
Kikubaaqudgha
Makhleb
Nemelex Xobeh
Okawaru
Qazlal
Ru
Sif Muna
Trog
Uskayaw
Vehumet
Xom
Yredelemnul
Zin
The Shining One
Beogh
Jiyva
Lugonu


Innate Abilities, Weirdness & Mutations

You cannot be hasted, slowed, berserked, paralysed or teleported.
You can dig through walls and to a lower floor.
Your four strong arms can wield two-handed weapons with a shield.
You have a pair of large antennae on your head. (SInv)


Message History

There is an open door, spattered with blood here.
Items here: †††††† You feel sick.
You feel sick.
You feel sick.
You feel sick.
You feel sick.
You feel sick.
You open the door. 5 elephants and a dire elephant come into view.
The elephant trumpets! x4
You hit the elephant.
The elephant is lightly wounded.
You feel sick. The elephant misses you. The elephant closely misses you.
You barely miss the elephant.
The elephant is lightly wounded.
You hit the elephant.
The elephant is lightly wounded.
The elephant tramples you!
You die...

▓▓▓▓▓▓▓▓▓▓▓▓▓▓▓▓▓▓▓▓▓▓▓▓▓▓▓▓▓▓▓▓▓
.....)?..[[)|..'.________________
▓▓▓▓▓▓▓▓▓▓▓▓▓▓▓▓▓▓▓▓▓▓▓▓▓▓▓▓▓▓▓▓▓
.................................
▓▓▓▓▓▓▓▓▓▓▓▓▓▓▓▓▓▓▓▓▓▓▓▓▓▓▓▓▓▓▓▓▓
{{YYY.YYY@........†(......
▓▓▓▓▓▓▓▓▓▓▓▓▓▓▓▓▓▓▓▓▓▓▓▓


{{{{ { { { {{{{{ {{{{{{{{{{{{ {{{ { You could see a dire elephant and 5
elephants.

Vanquished Creatures
  2 hill giants (D)
  2 black mambas (D)
  2 spiny frogs (D)
  2 komodo dragons (D)
  2 hippogriffs (D)
  3 yaks (D)
  2 wyverns (D)
  A soldier ant (D)
  3 water moccasins (D)
  A porcupine (D)
  A sky beast (D)
  A phantom (D)
  A black bear (D)
  A bullfrog (D)
  A scorpion (D)
  2 wights (D)
  A worker ant (D)
  An adder (D)
  2 shadow imps (D)
  An adder skeleton (D)
  A dart slug (D)
  A leopard gecko (D)
  A bat (D)
  A bat zombie (D)
  A goblin (D)
  A hobgoblin (D)
  A quokka zombie (D)
  A rat (D)
40 creatures vanquished.

Notes
Turn   | Place    | Note
-------+----------+-------------------------------------------
     0 | D        | Faca the Formicid Fighter began the quest for the Orb.
     0 | D        | Reached XP level 1. HP: 18/18 MP: 1/1
    14 | D        | Reached XP level 2. HP: 25/25 MP: 2/2
    20 | D        | Noticed a sky beast
    20 | D        | Noticed a scorpion
    23 | D        | Killed a scorpion
    23 | D        | Reached skill level 5 in Fighting
    23 | D        | Reached skill level 5 in Armour
    23 | D        | Reached XP level 3. HP: 33/33 MP: 3/3
    23 | D        | Reached XP level 4. HP: 39/39 MP: 4/4
    33 | D        | Killed a sky beast
    33 | D        | Reached skill level 5 in Axes
    33 | D        | Reached XP level 5. HP: 29/47 MP: 5/5
   274 | D        | Found a roughly hewn altar of Beogh.
   274 | D        | Found a snail-covered altar of Cheibriados.
   274 | D        | Found a shadowy altar of Dithmenos.
   274 | D        | Found a white marble altar of Elyvilon.
   274 | D        | Found a blossoming altar of Fedhas.
   274 | D        | Found an opulent altar of Gozag.
   275 | D        | Found a hazy altar of Hepliaklqana.
   276 | D        | Found a viscous altar of Jiyva.
   277 | D        | Found an ancient bone altar of Kikubaaqudgha.
   278 | D        | Found a corrupted altar of Lugonu.
   279 | D        | Found a burning altar of Makhleb.
   280 | D        | Found a sparkling altar of Nemelex Xobeh.
   281 | D        | Found an iron altar of Okawaru.
   282 | D        | Found a stormy altar of Qazlal.
   283 | D        | Found a sacrificial altar of Ru.
   284 | D        | Found a deep blue altar of Sif Muna.
   285 | D        | Found a bloodstained altar of Trog.
   286 | D        | Found a hide-covered altar of Uskayaw.
   287 | D        | Found a radiant altar of Vehumet.
   288 | D        | Found a shimmering altar of Xom.
   289 | D        | Became a worshipper of Warmaster Okawaru
   290 | D        | Found a basalt altar of Yredelemnul.
   291 | D        | Found a glowing silver altar of Zin.
   292 | D        | Found a glowing golden altar of the Shining One.
   337 | D        | Noticed a wyvern
   342 | D        | Reached skill level 1 in Dodging
   342 | D        | Reached XP level 6. HP: 52/53 MP: 6/6
   355 | D        | Reached skill level 1 in Maces & Flails
   362 | D        | Killed a wyvern
   362 | D        | Reached * piety under Okawaru
   362 | D        | Reached skill level 3 in Maces & Flails
   362 | D        | Reached XP level 7. HP: 42/61 MP: 7/7
   461 | D        | Noticed a hill giant
   461 | D        | Noticed a hill giant
   461 | D        | Noticed a soldier ant
   465 | D        | Killed a soldier ant
   465 | D        | Reached skill level 4 in Maces & Flails
   465 | D        | Reached skill level 10 in Shields
   474 | D        | Killed a hill giant
   474 | D        | Reached ** piety under Okawaru
   474 | D        | Reached skill level 7 in Maces & Flails
   474 | D        | Reached XP level 8. HP: 58/69 MP: 8/8
   482 | D        | Killed a hill giant
   482 | D        | Reached *** piety under Okawaru
   482 | D        | Reached skill level 9 in Maces & Flails
   482 | D        | Reached XP level 9. HP: 28/76 MP: 9/9
   834 | D        | Noticed a spiny frog
   834 | D        | Noticed a komodo dragon
   834 | D        | Noticed a hippogriff
   843 | D        | Killed a hippogriff
   847 | D        | Reached **** piety under Okawaru
   847 | D        | Reached skill level 10 in Maces & Flails
   852 | D        | Killed a komodo dragon
   855 | D        | Noticed a komodo dragon
   862 | D        | Killed a spiny frog
   862 | D        | Reached skill level 11 in Maces & Flails
   862 | D        | Reached skill level 1 in Stealth
   872 | D        | Reached ***** piety under Okawaru
   872 | D        | Reached skill level 10 in Fighting
   872 | D        | Reached skill level 12 in Maces & Flails
   872 | D        | Reached XP level 10. HP: 42/85 MP: 10/10
   875 | D        | Reached skill level 5 in Dodging
   886 | D        | Killed a komodo dragon
  1120 | D        | Noticed a black mamba
  1120 | D        | Noticed a black mamba
  1136 | D        | Noticed a spiny frog
  1138 | D        | Killed a black mamba
  1138 | D        | Reached skill level 13 in Maces & Flails
  1148 | D        | Killed a black mamba
  1148 | D        | Received a gift from Okawaru
  1166 | D        | Killed a spiny frog
  1166 | D        | Reached skill level 14 in Maces & Flails
  1173 | D        | HP: 4/86 [poisoned by a spiny frog]
  1177 | D        | Noticed an elephant
  1177 | D        | Noticed an elephant
  1177 | D        | Noticed an elephant
  1177 | D        | Noticed a dire elephant
  1177 | D        | Noticed an elephant
  1177 | D        | Noticed an elephant
  1178 | D        | HP: 3/86 [poisoned by a spiny frog]
  1180 | D        | Mangled by an elephant

Vault maps used:
D:        linesprint

Skill      XL: |  1  2  3  4  5  6  7  8  9 10 |
---------------+-------------------------------+-----
Shields        | 4 6 7 8 9 10 11 12 | 12.9
Fighting       | 4 5 6 7 8 9 10 | 10.9
Axes           | 3 5 7 8 9 |  9.4
Armour         | 5 6 7 8 9 |  9.2
Dodging        | 1 2 3 4 6 |  6.0
Maces & Flails | 3 7 9 12 14 | 14.0
Stealth        | 1 |  1.0

Action                   |  1- 3 |  4- 6 |  7- 9 | 10-12 || total
-------------------------+-------+-------+-------+-------++-------
Melee: War axe           |    13 |    28 |       |       ||    41
       Dire flail        |       |    25 |    74 |    61 ||   160
  Use: Potion            |       |       |       |     1 ||     1
  Eat: Bread ration      |       |       |       |     1 ||     1
Armor: Scale mail        |     3 |     7 |       |       ||    10
       Ring mail         |       |       |    11 |     5 ||    16
Dodge: Dodged            |     3 |    12 |    14 |    20 ||    49
Block: Shield            |    12 |    30 |    24 |    19 ||    85
